 Dungeon Crawl Stone Soup version 0.30.1-1-g62c8e00024 (webtiles) character file.

Game seed: 6188621449936366712

5557 coffeetime the Fighter (level 10, -5/141 (145) HPs)
             Began as a Hill Orc Fighter on July 16, 2023.
             Was a Believer of Qazlal.
             Slain by an iguana (11 damage)
             ... on level 7 of the Dungeon.
             The game lasted 00:34:13 (8912 turns).

coffeetime the Fighter (Hill Orc Fighter)           Turns: 8912, Time: 00:34:14

HP:   -5/141 (145)  AC:  8    Str: 24    XL:     10   Next: 71%
MP:   10/15         EV: 11    Int:  8    God:    Qazlal [**....]
Gold: 1278          SH:  7    Dex: 10    Spells: 9/9 levels left

rFire   . . .        n - +1 hand axe (vamp)
rCold   + . .        c - +0 buckler
rNeg    . . .        K - +0 steam dragon scales
rPois   +            (no helmet)
rElec   .            Q - +0 cloak
rCorr   .            (no gloves)
SInv    .            (no boots)
Will    .....        (no amulet) Stlth
                     l - ring of protection from cold
HPRegen 0.43/turn    w - ring of poison resistance
MPRegen 0.14/turn

%: no passive effects
@: berserking, lightly drained, very quick
A: no striking features
a: Renounce Religion, Upheaval


You were on level 7 of the Dungeon.
You worshipped Qazlal.
Qazlal was pleased with you.
You visited 2 branches of the dungeon, and saw 10 of its levels.
You also visited: Sewer and Bailey.

You collected 1278 gold pieces.

Inventory:

Hand Weapons
 n - a +1 vampiric hand axe (weapon)
 r - a +0 sling
 y - the +5 quarterstaff "Trog's Indignation" {pain, rCorr Str-5 Dex+3}
   (You found it on level 5 of the Dungeon)

   Str:       It affects your strength (-5).
   Dex:       It affects your dexterity (+3).
   rCorr:     It protects you from acid and corrosion.
 D - a +1 whip of electrocution
 N - a +0 broad axe
 O - a +1 shortbow of freezing
 R - a +3 scimitar
 T - the +4 falchion of the Sun {venom, Str+3}
   (You took it off a kobold brigand on level 6 of the Dungeon)

   Str:       It affects your strength (+3).
Missiles
 e - 81 stones
 i - 6 atropa-tipped darts
 u - 16 curare-tipped darts
 G - 26 poisoned darts (quivered)
 I - 7 datura-tipped darts
 L - 11 boomerangs
Armour
 b - a +0 scale mail
 c - a +0 buckler (worn)
 K - +0 steam dragon scales (worn)
 Q - a +0 cloak (worn)
Jewellery
 l - a ring of protection from cold (left hand)
 w - a ring of poison resistance (right hand)
Wands
 t - a wand of flame (19)
 A - a wand of light (8)
 H - a wand of charming (8)
 P - a wand of mindburst (8)
Scrolls
 a - a scroll of identify
 f - 8 scrolls of enchant weapon
 g - 2 scrolls of vulnerability
 k - 2 scrolls of blinking
 m - 3 scrolls of amnesia
 s - 2 scrolls of magic mapping {unknown}
 v - a scroll of silence {unknown}
 x - 2 scrolls of teleportation {unknown}
 z - 3 scrolls of noise {unknown}
 E - a scroll of poison {unknown}
 F - 2 scrolls of immolation {unknown}
 J - a scroll of brand weapon {unknown}
 S - a scroll of summoning {unknown}
 U - a scroll of fear {unknown}
Potions
 d - a potion of might
 h - 3 potions of flight
 o - 4 potions of attraction
 q - 2 potions of lignification {unknown}
 B - 3 potions of magic {unknown}
 C - a potion of haste {unknown}
 M - 4 potions of mutation {unknown}
 V - a potion of ambrosia {unknown}
 W - a potion of cancellation {unknown}


   Skills:
 + Level 12.0 Fighting
 - Level 1.3 Maces & Flails
 - Level 7.0 Polearms
 - Level 0.4 Throwing
 - Level 10.0 Armour
 - Level 4.3 Shields
 - Level 0.5 Unarmed Combat
 - Level 7.0 Invocations
 - Level 0.1 Evocations


You had 9 spell levels left.
You didn't know any spells.
Your spell library contained the following spells:

 Spells                   Type           Power      Damage    Failure   Level
 Blink                    Tloc           0%         N/A       61%         2
 Lesser Beckoning         Tloc           0%         N/A       61%         2
 Momentum Strike          Conj/Tloc      0%         3d8       61%         2
 Sublimation of Blood     Necr           0%         N/A       61%         2
 Wereblood                Tmut           0%         N/A       61%         2
 Summon Hydra             Summ           0%         N/A       100%        7


Dungeon Overview and Level Annotations

Branches:
Dungeon (9/15)             Temple (1/1) D:4            Lair (0/5) D:8
  Sewer (visited)          Bailey (visited)
    Orc: D:9-12

Altars:
Ashenzari
Cheibriados
Dithmenos
Elyvilon
Fedhas
Gozag
Hepliaklqana
Makhleb
Nemelex Xobeh
Okawaru
Qazlal
Ru
Sif Muna
Trog
Uskayaw
Vehumet
Wu Jian
Xom
Yredelemnul
Zin

Shops:
D:5 =*

Annotations:
D:4 1 runed translucent door, jujuben's ghost, amateur KoBe


Message History

The ground shakes violently, spewing rubble!
The blast of rubble hits the orc priest!!
You kill the orc priest!
Qazlal accepts your kill.
The water moccasin bites you but does no damage.
You closely miss the water moccasin.
The water moccasin is heavily wounded.
The water moccasin misses you.
The water moccasin completely misses you.
You slash the water moccasin!
The water moccasin is almost dead.
The water moccasin bites you.
* * * LOW HITPOINT WARNING * * *
You slash the water moccasin!
You feel better.
You kill the water moccasin!
Qazlal accepts your kill.
Your Fighting skill increases to level 12!
You barely miss the iguana. The iguana misses you.
You hit the iguana.
You feel better.
The iguana is lightly wounded.
The iguana bites you.
* * * LOW HITPOINT WARNING * * *
You barely miss the iguana.
The iguana is lightly wounded.
The iguana bites you!
* * * LOW HITPOINT WARNING * * *
You hit the iguana.
You feel better.
The iguana is moderately wounded.
The iguana bites you.
* * * LOW HITPOINT WARNING * * *
You barely miss the iguana.
The iguana is moderately wounded.
The iguana barely misses you.
You hit the iguana but do no damage.
The iguana is moderately wounded.
The iguana bites you!
* * * LOW HITPOINT WARNING * * *
A red film seems to cover your vision as you go berserk!
You feel yourself moving faster!
You feel mighty! The iguana bites you!
You die...

....# .......8.8#
##### .........S...#
§..... #..###..8o8.8#
§≈≈≈≈≈≈.#...## #...#
§.≈≈§§§≈#....# #.o.#
§≈..§≈§§#....# #...#
.≈._§§§≈#...## #...#
.≈.§§§§§#....######.##
..≈§≈§.≈#.......@l))#
≈≈≈§§≈≈.#.#...#######
...)....#.#####
########).# ####


You could see an iguana.

Vanquished Creatures
  A komodo dragon (D:8)
  A slime creature (D:9)
  A wraith (D:7)
  A steam dragon (D:8)
  An acid dragon (D:8)
  2 water moccasins
  3 orc warriors
  Duvessa (D:6)
  2 ice beasts (D:5)
  4 black bears
  2 ogres
  A phantom (D:5)
  9 kobold brigands
  9 bullfrogs (D:8)
  3 necrophages (D:5)
  2 water moccasin zombies (D:5)
  2 scorpions
  12 wights
  Dowan (D:6)
  3 killer bees (D:8)
  3 howler monkeys (D:8)
  A human zombie (D:5)
  A centaur zombie (D:5)
  A gnoll bouda (D:8)
  5 orc priests
  4 hounds
  A jelly (D:6)
  Ijyb (D:3)
  2 iguanas
  2 orc wizards (D:7)
  A killer bee zombie (D:5)
  2 mummies (D:5)
  Robin (D:4)
  8 gnolls
  A river rat (D:5)
  5 adders
  3 worms (D:2)
  A dart slug (D:1)
  11 orcs
  6 endoplasms
  9 giant cockroaches
  19 goblins
  12 hobgoblins
  4 jackals (D:1)
  A quokka (D:2)
  8 ball pythons
  9 bats
  11 frilled lizards
  32 kobolds
  11 rats
237 creatures vanquished.

Notes
Turn   | Place    | Note
-------+----------+-------------------------------------------
     0 | D:1      | coffeetime the Hill Orc Fighter began the quest for the
                  | Orb.
     0 | D:1      | Reached XP level 1. HP: 19/19 MP: 1/1
    30 | D:1      | Reached XP level 2. HP: 26/27 MP: 2/2
   583 | D:1      | Reached XP level 3. HP: 31/33 MP: 3/3
  1296 | D:2      | Reached XP level 4. HP: 40/40 MP: 4/4
  1362 | D:2      | Found an ornate altar of the Wu Jian Council.
  2318 | D:3      | Found Haosu's Jewellery Shoppe.
  2715 | D:4      | Noticed Robin
  2715 | D:4      | Noticed a scorpion
  2822 | D:4      | Noticed Ijyb
  2988 | D:3      | Killed Ijyb
  2989 | D:3      | Reached XP level 5. HP: 39/46 MP: 5/5
  3086 | D:4      | Reached skill level 5 in Polearms
  3123 | D:4      | Found a staircase to the Ecumenical Temple.
  3133 | Temple   | Entered the Ecumenical Temple
  3224 | Temple   | Became a worshipper of Qazlal Stormbringer
  3249 | D:4      | Reached XP level 6. HP: 18/52 MP: 6/6
  3392 | D:4      | Found a runed translucent door.
  3399 | D:4      | Noticed jujuben's ghost (amateur KoBe)
  3455 | D:4      | Killed Robin
  3813 | D:4      | Found a broken altar of Ashenzari.
  3943 | D:5      | Entered Level 5 of the Dungeon
  3974 | D:5      | Found a sacrificial altar of Ru.
  4046 | D:5      | Identified the +5 quarterstaff "Trog's Indignation" {pain,
                  | rCorr Str-5 Dex+3}
  4069 | D:5      | Noticed a black bear
  4166 | D:5      | Reached XP level 7. HP: 43/58 MP: 7/7
  4194 | D:5      | Reached skill level 5 in Armour
  4293 | D:5      | Reached * piety under Qazlal
  4330 | D:5      | Found Nego Gub's General Store.
  4378 | D:5      | Found a glowing drain.
  4395 | Sewer    | Entered a sewer
  4587 | Sewer    | Reached XP level 8. HP: 63/66 MP: 8/8
  4840 | D:5      | Found Qoyth's Jewellery Shop.
  5252 | D:5      | Reached skill level 1 in Maces & Flails
  5319 | D:5      | Found a basalt altar of Yredelemnul.
  5337 | D:5      | Reached skill level 4 in Fighting
  5572 | D:5      | Reached ** piety under Qazlal
  5619 | D:5      | Reached XP level 9. HP: 64/72 MP: 9/9
  5779 | D:6      | You fall into a shaft and drop 3 floors!
  5837 | D:9      | Reached skill level 5 in Fighting
  5837 | D:9      | Reached skill level 10 in Armour
  6310 | D:8      | Reached skill level 6 in Fighting
  6395 | D:8      | Reached skill level 7 in Fighting
  6417 | D:8      | Noticed a komodo dragon
  6426 | D:8      | Killed a komodo dragon
  6427 | D:8      | Reached skill level 8 in Fighting
  6427 | D:8      | Reached skill level 5 in Invocations
  6467 | D:8      | Found a flagged portal.
  6483 | Bailey   | Entered a bailey
  6503 | Bailey   | Reached XP level 10. HP: 82/90 MP: 14/14
  6546 | Bailey   | Reached skill level 9 in Fighting
  6776 | Bailey   | Found a bloodstained altar of Trog.
  6891 | D:8      | Found a staircase to the Lair.
  7152 | D:8      | Reached skill level 10 in Fighting
  7445 | D:8      | Found a hide-covered altar of Uskayaw.
  7489 | D:7      | Found a blossoming altar of Fedhas.
  7879 | D:7      | Found a glowing silver altar of Zin.
  8000 | D:6      | Identified the +4 falchion of the Sun {venom, Str+3}
  8085 | D:6      | Reached skill level 11 in Fighting
  8107 | D:6      | Noticed Duvessa
  8152 | D:6      | Killed Duvessa
  8152 | D:6      | Noticed Dowan
  8164 | D:6      | Killed Dowan
  8409 | D:6      | Found an iron altar of Okawaru.
  8802 | D:7      | Identified the +2 barding of the Everdark {rN+}
  8906 | D:7      | Reached skill level 12 in Fighting
  8911 | D:7      | HP: 3/94 [iguana (9)]
  8912 | D:7      | Slain by an iguana

Illustrated notes

Levels and vault maps discovered:
D:1:      dpeg_arrival_tiny_a, layout_basic, st_stairs_6
D:2:      layout_loops_ring, basic_altar
D:3:      layout_loops_corners, serial_shops, shop
D:4:      layout_rooms, pf_just_have_faith, minmay_temple_entry_ruins,
          ebering_ghost_sewer_d, uniq_robin, uniq_ijyb
D:5:      layout_loops_cross, lemuel_tele_altar,
          lemuel_mausoleum_altar_yredelemnul, serial_shops, shop,
          portal_sewer_entry_e, nicolae_take_the_stairs
D:6:      layout_rooms, okawaru_ov_weapons_minmay, uniq_duvessa
D:7:      layout_cave_pools, mainiacjoe_overflow_paths,
          nicolae_overflow_hidden_temple, mainiacjoe_overflow_two_lobes,
          serial_column_ruins, column_ruins_temple_circle, column_ruins_grid_1,
          column_ruins_corridor_corner, column_ruins_open_small,
          uniq_crazy_yiuf_cottage
D:8:      layout_gridville, nicolae_uskayaw_suspiria,
          due_lair_maze_entry_diamond, enter_bailey_3, minivault_4
D:9:      layout_loops_ring, david_orc_4, uniq_harold
Temple:   compressed_dpeg_triangle_lava_temple

Skill      XL: |  1  2  3  4  5  6  7  8  9 10 |
---------------+-------------------------------+-----
Shields        | 4 |  4.3
Polearms       | 3 4 5 7 |  7.0
Armour         | 4 7 9 10 | 10.0
Maces & Flails | 1 |  1.3
Fighting       | 4 8 12 | 12.0
Invocations    | 6 7 |  7.0
Throwing       | |  0.4
Unarmed Combat | |  0.5
Evocations     | |  0.1

Action                     |  1- 3 |  4- 6 |  7- 9 | 10-12 || total
---------------------------+-------+-------+-------+-------++-------
  Melee: Trident           |   160 |   195 |       |       ||   355
         Unarmed           |       |    29 |       |       ||    29
         Quarterstaff      |       |    19 |    25 |       ||    44
         Hand axe          |       |       |   190 |   216 ||   406
         Whip              |       |       |   194 |    35 ||   229
  Throw: Dart              |       |     1 |     1 |    11 ||    13
 Invoke: Upheaval          |       |       |     3 |     8 ||    11
  Evoke: Wand              |       |       |     2 |     4 ||     6
    Use: Scroll            |       |     6 |     2 |     2 ||    10
         Potion            |       |     1 |     2 |     3 ||     6
   Stab: Invisible         |       |       |     1 |     1 ||     2
 Armour: Scale mail        |    72 |    82 |   116 |       ||   270
         Skin              |       |     2 |       |       ||     2
         Steam dragon scal |       |       |    16 |    73 ||    89
  Dodge: Dodged            |    76 |   118 |   177 |   142 ||   513
  Block: Buckler           |    22 |    30 |   125 |    73 ||   250
